AoeStats
← Besná Lama

Arabia

509301739Analyzed
1v1 RM · 7d ago on Sep 26, 2026· 49m 29s· 2 players
Game mode
Random Map
Map size
Tiny (2 player)
Population
200
Speed
Normal
Resources
Standard
Victory
Conquest
Starting age
Dark Age
Ending age
Imperial Age
RankedLock teamsTeams togetherTeam positionsShared explorationLock speedFull tech treeHidden civsTurbo modeCheats
Victory
Defeat
🇯🇵 Persians · Japan
899
+15
🇸🇰 Inca · Slovakia
872
-15
Besná Lama
10:05 Loom
11:59 Feudal Age
14:22 Champi Runner
14:48 Arson
14:58 Double-Bit Axe
16:08 Fletching
18:17 Padded Archer Armor
19:07 Horse Collar
28:03 Castle Age
33:04 Forging
32:54 Scale Mail Armor
33:18 Heavy Plow
33:28 Bow Saw
34:13 Pikeman
34:55 Squires
36:48 Forging
41:08 Imperial Age
40:32 Forging
40:22 Scale Mail Armor
40:29 Bodkin Arrow
42:34 Iron Casting
42:43 Champi Warrior
44:06 Elite Kamayuk
47:15 Elite Champi Warrior
48:50 Iron Casting
48:53 Chain Mail Armor
wrx0802
10:09 Feudal Age
8:59 Loom
16:09 Fletching
23:25 Castle Age
21:25 Horse Collar
21:40 Gold Mining
25:03 Stone Mining
25:41 Double-Bit Axe
27:41 Stone Shaft Mining
28:08 Wheelbarrow
30:56 Bow Saw
32:06 Heavy Plow
34:41 Hand Cart
39:07 Imperial Age
37:15 Masonry
37:26 Ballistics
37:53 Thumb Ring
37:09 Crossbowman
38:51 Gold Shaft Mining
38:59 Padded Archer Armor
39:51 Citadels
40:23 Crop Rotation
41:26 Two-Man Saw
41:38 Coinage
41:28 Kamandaran
43:15 Chemistry
44:17 Bodkin Arrow
44:33 Forging
44:34 Scale Barding Armor
46:45 Bloodlines
46:36 Husbandry
45:57 Light Cavalry
45:58 Cavalier
47:44 Banking
48:45 Leather Archer Armor
49:05 Iron Casting
48:31 Scale Mail Armor
48:52 Chain Barding Armor
47:54 Hussar
49:06 Pikeman
49:48 Squires
49:10 Savar
Connection lost

Rejoining the realm…

Still unreachable

The connection could not be restored.

Session expired

The server has moved on; the page needs a fresh start.